[Event "26th Womens ECCC 2022"]
[Site "Mayrhofen"]
[Date "2022.10.07"]
[Round "5.25"]
[White "Krasteva, Beloslava"]
[Black "Katkov, Michelle"]
[Result "1-0"]
[ECO "D03"]
[WhiteElo "2287"]
[BlackElo "2219"]
[Annotator "TA"]
[PlyCount "101"]
[EventDate "2022.10.03"]
[EventType "team-tourn"]
[EventCountry "AUT"]
[SourceTitle "playchess.com"]
[Source "ChessBase"]
[SourceQuality "1"]
[TimeControl "40/5400+30:1800+30"]

1. d4 d5 2. Nf3 Nf6 3. Bg5 c5 4. e3 Nc6 5. c3 e6 6. Nbd2 Be7 7. Bd3 Qc7 8. O-O {[%emt 0:02:14] D03: 1 d4 d5 2 Nf3 Nf6 3 Bg5, including Torre Attack with early ...d5.} O-O 9. dxc5 Bxc5 10. Bxf6 {[%emt 0:00:15] White is slightly better.} gxf6 11. e4 {[%emt 0:00:28] [#]} Rd8 $146 ({Predecessor:} 11... Ne5 12. Nxe5 Qxe5 13. exd5 Qxd5 14. Ne4 Be7 15. Qe2 f5 16. Ng3 Bd7 17. Bxf5 Bc6 {1-0 (81) Zhizmer,Y (2393)-Odnorozhenko,E (2242) Kiev 2006}) 12. exd5 Rxd5 13. Ne4 Be7 {[%emt 0:01:19] aiming for ...Qd8.} 14. Qe2 f5 15. Ng3 Ne5 $132 {[%emt 0:05:24][%mdl 2048] Black puts up resistance} 16. Nxe5 Qxe5 17. Qf3 Rd8 18. Rfe1 Qc7 19. Nh5 Kh8 20. Qe3 Qc5 {[%emt 0:07:17] [#]} 21. Qh6 Rg8 {[%emt 0:00:13] Inhibits Qg7+.} 22. Nf6 Rg7 23. Re3 $1 {[%emt 0:09:06] Threatens to win with Rg3. Chess con chili.} Bxf6 24. Qxf6 Bd7 {[%emt 0:00:40] Inhibits Bb5.} 25. Rg3 Qf8 26. Re1 {[%emt 0:01:56] Ree3 is the strong threat.} Kg8 27. Ree3 $1 {[%emt 0:04:34] White is much more active. The black rooks are badly placed.} Rg6 {[%emt 0:00:18] [#]} 28. Be2 ({Better is} 28. h4 $1 $16 {[%cal Rh4h5] Hoping for h5.} Qd8 29. Qe5 Qxh4 30. Rxg6+ fxg6 {[#]} 31. Bxf5 $1 exf5 32. Qd5+ Kh8 33. Qxd7) 28... Qd8 29. Qe5 {[%emt 0:02:29] Strongly threatening Rd3.} Qb8 $1 30. Qd4 Bc6 31. Rxg6+ hxg6 32. Rh3 e5 33. Qh4 Kg7 {[%emt 0:00:58] Against Qh8+} 34. Qh7+ Kf6 35. Qh4+ Kg7 $1 36. Bc4 {[%emt 0:00:05] White wants to mate with Qh7+.} Qf8 37. Qh7+ ({Don't take} 37. Qg5 Rd8 $16) 37... Kf6 38. Rd3 Qg8 $2 {[%emt 0:01:21] This costs Black the game.} (38... Re8 $11 {and Black has nothing to worry.}) 39. Qh4+ $18 ({But not} 39. Rd6+ Ke7 40. Re6+ Kd7 41. Qxg8 Rxg8 42. Rxe5 Rf8 $16) 39... Kg7 40. Rd6 {[%emt 0:00:06] And now Qf6+ would win.} Re8 41. Qg5 {[%emt 0:36:20][%cal Od6g6] Black must now prevent Rxg6+!} Kf8 $2 {[%emt 0:34:28] [#]} (41... Qh7 42. h3 (42. Rf6 Rf8 $14) 42... Kf8) 42. Bxf7 $1 Qxf7 43. Rf6 Kg7 44. Rxf7+ Kxf7 {[%emt 0:00:00][%mdl 4096] Endgame KQ-KRB} 45. h4 Rh8 46. c4 Be4 47. b4 Rh5 (47... a6 $142 48. f3 Bc6) 48. Qd8 {[%emt 0:00:00] White is clearly winning.} f4 49. f3 Bf5 50. Qc7+ Kg8 51. Qxb7 {[%emt 0:00:00] Weighted Error Value: White=0.09 (flawless) /Black=0.22 (precise)} 1-0

[Event "26th Womens ECCC 2022"]
[Site "Mayrhofen"]
[Date "2022.10.07"]
[Round "5.26"]
[White "Federovski, Adi"]
[Black "Drljevic, Ljilja"]
[Result "0-1"]
[ECO "B06"]
[WhiteElo "1967"]
[BlackElo "2172"]
[Annotator "TA"]
[PlyCount "282"]
[EventDate "2022.10.03"]
[EventType "team-tourn"]
[EventCountry "AUT"]
[SourceTitle "playchess.com"]
[Source "ChessBase"]
[SourceQuality "1"]
[TimeControl "40/5400+30:1800+30"]

1. e4 g6 2. d4 Bg7 3. Nc3 a6 4. h4 h6 5. Be3 e6 6. Qd2 b5 7. h5 g5 8. f4 gxf4 9. Bxf4 Bb7 10. a3 Nf6 11. Qe3 d6 12. O-O-O Qe7 13. Nf3 Nbd7 14. Be2 O-O-O 15. Nh4 Nb6 16. g4 d5 17. Be5 Nbd7 18. exd5 Nxe5 19. dxe5 Nxd5 20. Nxd5 exd5 21. Nf3 Rhe8 22. Bd3 Kb8 23. Rhe1 c5 (23... d4 $5 24. Qf4 Bxf3 25. Qxf3 $15) 24. Bf5 (24. Qd2 $11) 24... Qc7 (24... d4 $15 25. Qf2 Qc7) 25. g5 (25. Qd2 $11) 25... hxg5 (25... d4 $17 26. Qe2 hxg5) 26. Qxg5 $11 Bh8 (26... d4 $11) 27. h6 $16 d4 28. Be4 (28. Qh5 $14) 28... Bc8 (28... f6 $11 {remains equal.} 29. Qg6 fxe5) 29. Bf5 (29. h7 $16) 29... Bb7 $1 $14 30. Be4 (30. Qh5 $14) 30... Bc8 $16 31. h7 Be6 32. Qd2 Bg4 33. Qg2 (33. Qh6 $16 Ka7 34. Kb1) 33... f5 $11 34. Bd3 (34. exf6 $1 $11 {was the only way to keep the balance.} Qf4+ 35. Nd2 Bxd1 36. Rf1) 34... Qxh7 (34... Qc6 $142 35. Be2 c4) 35. Kb1 $2 (35. Qxg4 $17 fxg4 36. Bxh7 gxf3 37. Rf1) 35... Qb7 $19 36. Be2 Bxe5 37. Qf2 Bc7 38. Ng1 Qd5 39. Bf3 Qd6 40. Rxe8 Rxe8 41. Re1 Rxe1+ 42. Qxe1 Qe5 43. Qh4 $2 (43. Qf1) 43... Qh2 44. Qe1 Ka7 45. Qd1 $2 (45. Qf1 {was worth a try.}) 45... Qg3 46. Ka2 Qf4 47. Qe2 Bxf3 48. Nxf3 Qe4 49. Qg2 Kb6 (49... d3 $2 50. cxd3 Qd5+ 51. Kb1 $19) 50. Qg6+ Kb7 51. Ng5 Qe5 (51... Qxc2 $2 52. Ne6 Qc4+ 53. Ka1 $19) (51... Qd5+ $142 52. Kb1 d3 53. cxd3 Qxd3+ 54. Ka1 Qd1+ 55. Ka2 Qd5+ 56. Kb1 Qd1+ 57. Ka2 Qd5+ 58. Ka1 c4) 52. Qf7 f4 53. Nf3 Qd6 (53... Qe4 $2 54. Ng5 Qe5 55. Ne6 $19) 54. Qf5 Kc6 55. Kb1 Qd5 56. Qd3 Bd6 57. a4 Qe6 58. b4 (58. axb5+ {might work better.} axb5 59. b4) 58... Qe3 $19 59. axb5+ axb5 60. Qd1 Qc3 61. bxc5 Qb4+ (61... Bxc5 62. Ne5+ Kb6 63. Nd3 $17) (61... Qxc5 62. Nxd4+ Kb6 63. Nb3 $17) (61... Kxc5 $19 {Hoping for ...Kb6.} 62. Nd2 Kb6) 62. Ka2 Bxc5 $2 (62... Kxc5 $19 {Strongly threatening ...Qc3.} 63. Ne1 Kb6) 63. Ne5+ $11 Kc7 64. Nd3 Qc4+ 65. Kb1 Bd6 66. Qf3 Qc6 67. Qf2 Qe4 68. Qh4 (68. Qg1 {with more complications.} f3 69. Qg8 Kd7 70. Qf7+) 68... Qf5 69. Qf2 Qe4 70. Qh4 $1 b4 71. Kb2 (71. Qh5 $11) 71... Kc6 ({Black should play} 71... Qc6 $15 72. Qh7+ Kb6) 72. Qg4 $11 Kc7 73. Qg7+ Kd8 74. Qg4 Kc7 75. Qg7+ Kc8 76. Qg4+ Kb8 77. Qg8+ Ka7 78. Qg7+ Kb6 79. Qf6 Kc7 80. Qg7+ Kc6 81. Qa7 Qe3 82. Qa6+ Kd7 83. Qb5+ Kd8 84. Qg5+ Qe7 85. Qd5 Ke8 86. Qg8+ Kd7 87. Qd5 Ke8 88. Qg8+ Qf8 89. Qg6+ Kd7 90. Qg4+ Kc7 91. Qg1 Qf6 92. Qg8 f3 93. Qc4+ Kd8 94. Qg8+ Ke7 95. Qh7+ Kf8 96. Qd7 $1 f2 97. Nxf2 $1 d3+ 98. Ka2 d2 99. Qc8+ Kf7 100. Qd7+ Kg8 101. Qg4+ Kf8 102. Qc8+ Ke7 103. Qb7+ Ke6 104. Qe4+ (104. Qc8+ $11 Ke7 105. Qb7+ Ke6 106. Qc8+ Ke7) 104... Kf7 (104... Qe5 $1 $15 105. Qg4+ Kf6 106. Qf3+ Ke6) 105. Qh7+ (105. Nd1 $1 $11) 105... Kf8 $17 106. Nd1 (106. Qd7 $142) 106... Be5 $2 (106... Qe6+ $19 107. Kb1 Qe2 108. Qh6+ Kf7 109. Qh7+ Kf8 110. Qh6+ Ke7 111. Qh4+ Ke6 112. Qh3+ Kf6 113. Qh8+ Ke7 114. Qh7+ Ke6 115. Qh3+ Kf6 116. Qh8+ Ke7 117. Qh7+ Ke8 118. Qh8+ Ke7) 107. Qd3 {[%emt 0:00:50] [#]} (107. Qd7 $11 {keeps the balance.}) 107... Bc3 (107... Qe6+ $1 $17 108. Kb1 Bc3 109. Qf3+ Ke7 110. Qb7+ Kf6 111. Qf3+ Kg6 112. Qg2+ Kf7 113. Qb7+ Kg6 114. Qg2+ Kf5 115. Qf3+ Kg5 116. Qg2+ Kf6 117. Qf2+ Kg7) 108. Ne3 $2 (108. Qd5 $1 $11 {and White has nothing to worry.}) 108... Qe6+ $2 (108... Ba1 109. Nc4 $11) (108... Qf3 $19 {has better winning chances.} 109. Kb3 {[#]} Qxe3 $3 110. Qxe3 d1=Q) 109. Nd5 $17 Qe1 $2 (109... Kf7 $19 {aiming for ...Qg4.} 110. Kb3 Qg4) 110. Qf5+ $11 Ke8 111. Qc8+ Kf7 112. Qf5+ Kg7 113. Qg5+ Kf8 114. Qd8+ Qe8 (114... Kf7 $5 115. Qd7+ $8 Kg8 116. Qc8+ Kh7 117. Qh3+ Kg7 118. Qg4+ Kh6 119. Qf4+ Kh7 120. Qf7+ Kh8 121. Qf8+ Kh7 122. Qf7+ Kh8 123. Qf8+ Kh7 124. Qf7+ $11) 115. Qd6+ Kf7 116. Qf4+ Kg7 117. Qg3+ Qg6 118. Qc7+ Qf7 119. Qg3+ Qg6 120. Qc7+ Kh6 121. Qh2+ Qh5 (121... Kg7 $6 122. Qc7+ $17) 122. Qd6+ Kg7 123. Qe7+ Kh6 124. Qe3+ Qg5 (124... Kg7 $6 125. Qe7+ Qf7 126. Qg5+ Qg6 127. Qe7+ Qf7 128. Qg5+ Kh8 129. Qh6+ Kg8 130. Qg5+ Kh7 131. Qh4+ Kg6 132. Qg4+ Kh7 133. Qh3+ Kg8 134. Qc8+ Kh7 135. Qh3+ Kg8 136. Qc8+ Kh7 137. Qh3+ $17) 125. Qh3+ Kg6 126. Qe6+ Kg7 127. Qd7+ Kh6 128. Qh3+ Kg6 129. Qe6+ Kh7 (129... Bf6 $5 130. Qe4+ Kh6 $17) 130. Qh3+ Qh6 131. Qf5+ Qg6 (131... Kg7 $5 132. Qd7+ $8 Kg6 133. Ne7+ Kh5 134. Qh3+ (134. Qd5+ Qg5 $17) 134... Kg5 135. Qe3+ (135. Qg3+ Kh5 $11) 135... Kh5 136. Qh3+ Kg5 137. Qe3+ (137. Qg3+ Kh5 $11) 137... Kh5 138. Qh3+ $11) 132. Qh3+ Kg7 133. Qd7+ Kh8 ({Black should try} 133... Qf7 $11 134. Qg4+ Kh8 135. Qc8+ Kh7 136. Qh3+ Kg8 137. Qc8+ Kh7 138. Qh3+ Kg8 139. Qc8+ Kg7 140. Qg4+ Kf8 141. Qc8+ Kg7 142. Qg4+) 134. Qh3+ $1 $17 Kg7 135. Qd7+ Kh6 (135... Qf7 $17 136. Qg4+ Kh6 137. Qh4+ Qh5 138. Qf4+ Qg5) 136. Qh3+ $11 Qh5 ({And not} 136... Kg7 137. Qd7+ $17) 137. Qe3+ Qg5 ({Don't play} 137... Kg7 $6 138. Qe7+ Qf7 139. Qg5+ Qg6 140. Qe7+ Qf7 141. Qg5+ Kh8 142. Qd8+ Kh7 143. Qh4+ Kg8 144. Qd8+ Kh7 145. Qh4+ Kg6 146. Qg4+ Kh6 147. Qh4+ Qh5 148. Qf4+ Qg5 $17) 138. Qh3+ Kg6 139. Qe6+ Bf6 140. Ne7+ $2 (140. Qe4+ $11 {and White stays safe.} Kf7 141. Qd3) 140... Kg7 $19 141. Nf5+ Qxf5 0-1

[Event "26th Womens ECCC 2022"]
[Site "Mayrhofen"]
[Date "2022.10.07"]
[Round "5.27"]
[White "Djukic, Sandra"]
[Black "Reprun, Nadejda"]
[Result "1-0"]
[ECO "D70"]
[WhiteElo "2138"]
[BlackElo "1968"]
[Annotator "TA"]
[PlyCount "55"]
[EventDate "2022.10.03"]
[EventType "team-tourn"]
[EventCountry "AUT"]
[SourceTitle "playchess.com"]
[Source "ChessBase"]
[SourceQuality "1"]
[TimeControl "40/5400+30:1800+30"]

1. d4 d5 2. c4 c6 3. Nf3 Nf6 4. Nbd2 g6 5. e3 Bg7 6. Bd3 O-O 7. O-O Bg4 {[%emt 0:02:37][%cal Oc6c5] D70: Grünfeld: Unusual White 3rd moves (met by ...d5).} 8. Qb3 Qb6 {[%emt 0:02:00] [#]} 9. Qc2 $146 ({Predecessor:} 9. Ne5 Be6 10. Qa3 Re8 11. Ndf3 dxc4 12. Nxc4 Bxc4 13. Bxc4 e6 14. Bd2 Bf8 15. Qd3 {0-1 (86) Milanovic,S (2362)-Schaerer,J (2265) Baden 2019}) 9... Nfd7 {[%emt 0:09:02] The position is equal.} 10. Rb1 e5 11. dxe5 Nxe5 12. Nxe5 Bxe5 13. b4 Nd7 14. h3 Be6 15. a4 Rac8 16. c5 Qd8 17. Nf3 Bg7 18. Bb2 Bxb2 19. Qxb2 a5 20. Ne5 axb4 21. Nxd7 Qxd7 22. Qxb4 Rc7 23. Qf4 Bf5 $2 {[%emt 0:03:21] [#]} (23... Qe7 $11 {and Black is okay.}) 24. Bxf5 $18 gxf5 25. e4 (25. Qg5+ $18 Kh8 26. Qf6+ Kg8 27. Rb6) 25... fxe4 $2 (25... dxe4 $16 26. Rfd1 Qe7) 26. Qg5+ Kh8 27. Qf6+ Kg8 28. Rb3 {[%emt 0:00:03] Weighted Error Value: White=0.11 (very precise) /Black=0.38} 1-0

[Event "26th Womens ECCC 2022"]
[Site "Mayrhofen"]
[Date "2022.10.07"]
[Round "5.28"]
[White "Vardi, Shlomit"]
[Black "Manova, Ivana"]
[Result "1-0"]
[ECO "C53"]
[WhiteElo "1769"]
[BlackElo "1876"]
[Annotator "NA RC COMBH"]
[PlyCount "133"]
[EventDate "2022.10.03"]
[EventType "team-tourn"]
[EventCountry "AUT"]
[SourceTitle "playchess.com"]
[Source "ChessBase"]
[SourceQuality "1"]
[TimeControl "40/5400+30:1800+30"]

1. e4 e5 2. Nf3 Nc6 3. Bc4 Bc5 4. c3 Bb6 5. d3 Qf6 6. Bg5 Qg6 7. Nbd2 h6 8. Bh4 d6 9. Bg3 Nge7 10. Qe2 Be6 11. Nh4 Qf6 12. b4 g5 13. Nhf3 Ng6 14. Bxe6 fxe6 15. Nc4 O-O 16. a4 d5 17. Nxb6 axb6 18. O-O Nf4 19. Bxf4 exf4 20. b5 Ne7 21. h3 Rfe8 22. Nh2 Ng6 23. Ng4 Qg7 24. e5 Kh8 25. Nf6 Rf8 26. d4 Ne7 27. Ra2 Ng8 28. Nh5 Qg6 29. Qg4 Qf5 30. Rfa1 Qxg4 31. hxg4 Ra5 32. c4 Rd8 33. Rc1 Ne7 34. c5 bxc5 35. Rxc5 c6 36. Rb2 Kg8 37. Nf6+ Kf8 38. bxc6 Rxc5 39. dxc5 bxc6 40. a5 Ra8 41. Ra2 Ra6 42. Kf1 Kf7 43. Ke2 Ng6 44. Nd7 Ra7 45. a6 Ke7 46. Nb6 Kd8 47. f3 Nxe5 48. Kd2 Nf7 49. Ra5 Kc7 50. Na4 Ne5 51. Nb2 Nd7 52. Nd3 Nb8 53. Nb4 e5 54. Kd3 Kd7 55. Ra1 Ke6 56. Rh1 Kf6 57. Nxc6 Nxc6 58. Rxh6+ Ke7 59. Rxc6 Kd7 60. Rd6+ Kc7 61. Rxd5 Rxa6 62. Rxe5 Rg6 63. Ke4 Kc6 64. Kf5 Rg8 65. Kf6 Rd8 66. Rxg5 Rd2 67. Rf5 1-0

[Event "26th Womens ECCC 2022"]
[Site "Mayrhofen"]
[Date "2022.10.07"]
[Round "5.29"]
[White "Peglau, Charis"]
[Black "Mayrhuber, Nikola"]
[Result "1/2-1/2"]
[ECO "E16"]
[WhiteElo "1960"]
[BlackElo "2117"]
[Annotator "TA"]
[PlyCount "146"]
[EventDate "2022.10.03"]
[EventType "team-tourn"]
[EventCountry "AUT"]
[SourceTitle "playchess.com"]
[Source "ChessBase"]
[SourceQuality "1"]
[TimeControl "40/5400+30:1800+30"]

1. d4 Nf6 2. Nf3 e6 3. c4 Bb4+ 4. Bd2 Qe7 5. e3 O-O 6. a3 Bxd2+ 7. Nbxd2 a5 8. Bd3 d6 9. O-O e5 10. Qc2 Bg4 {[%emt 0:02:20] E11: Bogo-Indian.} 11. Ng5 h6 12. Nge4 {[%emt 0:03:25] [#]} Nfd7 $146 (12... exd4 $11 {keeps the balance.} 13. exd4 Nc6) ({Predecessor:} 12... Nxe4 13. Nxe4 exd4 14. exd4 Nc6 15. Qc3 f5 16. Ng3 f4 17. Ne4 f3 18. Rfe1 fxg2 {0-1 (30) Kluger,H (1854)-Petzold,H (1951) Binz 2014}) 13. Ng3 {[%emt 0:08:54] White is more active.} f5 (13... Nf6 $14) 14. Nxf5 (14. Bxf5 Bxf5 15. Nxf5 Qf7 $16) 14... Qf6 15. Ng3 (15. dxe5 $6 Nxe5 16. Nd4 Nxd3 17. Qxd3 Nc6 $16) 15... exd4 16. Nde4 Qh4 17. exd4 Nc6 18. Qc3 Nf6 19. f3 Bd7 20. Bc2 a4 21. Rae1 Qf4 (21... d5 {is a better defense.}) 22. Qd3 Nxe4 $2 (22... Rae8 23. Kh1 (23. Bxa4 Nxe4 24. Nxe4 Qf7 $18) (23. Nxf6+ Qxf6 24. Rxe8 Rxe8 $18) 23... g6 24. Nxf6+ Qxf6 25. Bxa4 Kh7) 23. Rxe4 $18 Qf6 {[%emt 0:00:48] [#]} (23... Bf5 $142 24. Rxf4 Bxd3) 24. Nh5 $2 (24. Rg4 $1 {[%mdl 512] Strongly threatening Qh7+.} Bxg4 25. Qh7+ Kf7 26. fxg4 Qxf1+ 27. Nxf1 Nxd4 28. Bg6+ Kf6 29. Ne3) 24... Qf5 25. Nf4 Qg5 (25... Qh7 {was worth a try.} 26. g4 h5) 26. Ne6 Bxe6 27. Rxe6 Rf6 28. Re4 {[%emt 0:02:00] [#] Threatens to win with Rg4.} Rf4 {[%emt 0:01:23] Against Rg4} 29. Rfe1 {[%emt 0:01:43] aiming for Re6.} (29. Rxf4 Qxf4 30. Rd1 (30. Qh7+ Kf7 $16) 30... Kf8 $18) 29... Raf8 30. Kh1 {[%emt 0:03:45] Re6 is the strong threat.} ({Not} 30. Rxf4 Qxf4 31. Qh7+ (31. Bxa4 Nxd4 32. Qe4 b6 $16) 31... Kf7 32. Qg6+ Kg8 $18) 30... Qf6 $2 (30... Rxe4 31. Qxe4 Qf6) 31. Re6 {[%emt 0:04:29] White threatens Qh7+ and mate.} ({Less strong is} 31. Rxf4 Qxf4 32. Qh7+ Kf7 $18) 31... Qf5 {[%emt 0:00:40] Inhibits Qh7+.} 32. Qxf5 R4xf5 33. Bxf5 Rxf5 {[%emt 0:00:04][%mdl 4096] Endgame KRR-KRN} 34. Re8+ Kh7 35. Rc8 Rf7 36. Re4 Na5 37. Ra8 Nxc4 38. Rxa4 Nxb2 39. Rb4 (39. Ra7 $18) 39... Nd3 $11 40. Rxb7 Nf2+ 41. Kg1 Nxe4 42. fxe4 {[%emt 0:00:01] Threatening d5. KR-KR} Re7 43. e5 dxe5 44. dxe5 Rxe5 45. Rxc7 Re2 46. Rc3 (46. Ra7 $1 $14 {was preferrable.}) 46... Ra2 {[%emt 0:00:00] The position is equal.} 47. h3 h5 48. h4 g5 49. hxg5 Kg6 50. Kh2 Kxg5 51. Kg3 Ra1 52. Kf3 Rf1+ 53. Kg3 h4+ 54. Kh2 Ra1 55. Rb3 Kh5 56. Rb5+ Kg4 57. Rb4+ Kg5 58. a4 Ra3 59. Rb5+ Kg4 60. Ra5 h3 61. gxh3+ Rxh3+ 62. Kg2 {[%emt 0:00:02][%cal Oa5g5] Black must now prevent Rg5+!} Ra3 63. Kf2 Kf4 64. Ke2 Ke4 65. Ra8 Ra2+ 66. Kd1 Kd3 67. Kc1 Kc3 68. Kb1 {[%emt 0:00:06] Against Ra1+} Ra3 69. a5 Kb4 70. a6 {[%emt 0:00:18] Hoping for a7.} Kb5 71. Rb8+ Kc6 72. Ra8 Kb6 73. a7 Rxa7 {[%emt 0:00:00] Blacks defense is rewarded with a draw.  Weighted Error Value: White=0.42/Black=0.38} 1/2-1/2

[Event "26th Womens ECCC 2022"]
[Site "Mayrhofen"]
[Date "2022.10.07"]
[Round "5.30"]
[White "Schloffer, Jasmin-Denise"]
[Black "Peglau, Dora"]
[Result "1-0"]
[ECO "E42"]
[WhiteElo "2086"]
[BlackElo "1745"]
[Annotator "TA"]
[PlyCount "97"]
[EventDate "2022.10.03"]
[EventType "team-tourn"]
[EventCountry "AUT"]
[SourceTitle "playchess.com"]
[Source "ChessBase"]
[SourceQuality "1"]
[TimeControl "40/5400+30:1800+30"]

1. d4 Nf6 2. c4 e6 3. Nc3 Bb4 4. e3 c5 5. Nge2 O-O 6. a3 Bxc3+ 7. Nxc3 d6 8. Be2 Nbd7 {[%emt 0:03:32] E46: Nimzo-Indian: Rubinstein: 4 e3 0-0 5 Ne2 without early Bd3.} (8... Qe7 $14) 9. O-O a6 {[%emt 0:03:19] [#]} (9... Qe7 $14) 10. b3 $146 ({Predecessor:} 10. f4 Re8 11. e4 cxd4 12. Qxd4 e5 13. fxe5 dxe5 14. Qf2 Qe7 15. Bg5 Qe6 16. Kh1 {0-1 (43) Churyaev,A (1600)-Verich,O (1435) LSS email 2016}) 10... Qc7 {[%emt 0:01:22] White is better.} 11. Bb2 b6 12. d5 exd5 13. Nxd5 Nxd5 14. Qxd5 Bb7 15. Qg5 {[%emt 0:00:54][%csl Gb2][%cal Rg5g7] [#]} f6 16. Qg3 Ne5 17. f4 $40 {[%emt 0:03:43][%mdl 128] White mounts an attack.} Nd7 18. Rad1 Rf7 19. Bg4 {[%emt 0:03:39] And now Be6 would win. White has more active pieces.} Kh8 20. Rd2 Nf8 21. Rfd1 Rd8 22. h4 (22. f5 $16) 22... Be4 23. f5 Rfd7 24. Qf4 Qc6 (24... Qb7 $142) 25. Bf3 $16 Bxf3 26. Qxf3 ({Resist} 26. gxf3 $6 d5 $11) 26... Qxf3 27. gxf3 Kg8 28. e4 Kf7 29. Kf2 (29. Rd5 $18) 29... g6 (29... b5 $16 30. Bc1 Ke7) 30. fxg6+ (30. Rd5 $18 {has better winning chances.}) 30... hxg6 31. Ke3 Ke6 32. f4 {[%emt 0:05:08][%cal Oh4h5] Threatens to win with h5!} Rh7 33. Rh1 (33. e5 $5) 33... Rdd7 34. f5+ gxf5 {[%emt 0:00:41] This move loses the game for Black.} (34... Ke7 $1 $14) 35. exf5+ $18 Kf7 (35... Ke7 $16 36. Kf3 b5) 36. Kf4 Rh6 37. Bc1 Ke7 (37... Rd8 $142 38. a4 Rh7) 38. Kg4 {[%emt 0:01:53] [#] Hoping for Re2+.} Rh7 39. h5 Kd8 (39... Kf7 $142 40. Rhd1 Rg7+ 41. Kf4 Ke7 42. Re2+ Kf7) 40. h6 Kc7 41. Rd3 ({Not} 41. Bb2 Rdf7 42. Re2 a5 $18) 41... Rd8 42. Bf4 Kc6 43. Rd5 Re7 44. Rhd1 Red7 45. Kh5 a5 46. a4 Kc7 47. Rg1 Re7 48. Rg7 Red7 49. Bxd6+ {[%emt 0:00:00] Weighted Error Value: White=0.14 (very precise) /Black=0.45} (49. Rxd6 $142 Kb7 50. h7 Rxg7 51. h8=Q Rg5+ 52. Bxg5 Rxd6 53. Qxf8 Rc6 54. Qf7+ Rc7 55. Qd5+ Ka7 56. Qd8) 1-0

[Event "26th Womens ECCC 2022"]
[Site "Mayrhofen"]
[Date "2022.10.07"]
[Round "5.31"]
[White "Peglau, Mirjam"]
[Black "Konecny, Sophie"]
[Result "1-0"]
[ECO "E41"]
[WhiteElo "1886"]
[BlackElo "1848"]
[Annotator "NA RC COMBH"]
[PlyCount "119"]
[EventDate "2022.10.03"]
[EventType "team-tourn"]
[EventCountry "AUT"]
[SourceTitle "playchess.com"]
[Source "ChessBase"]
[SourceQuality "1"]
[TimeControl "40/5400+30:1800+30"]

1. d4 Nf6 2. c4 e6 3. Nc3 Bb4 4. e3 c5 5. Nf3 d5 6. Bd2 O-O 7. Rc1 b6 8. a3 Bxc3 9. Bxc3 Ba6 10. Qb3 Nbd7 11. cxd5 Bxf1 12. Kxf1 Nxd5 13. Ke2 Rc8 14. Rhd1 Qe7 15. Kf1 N7f6 16. Qa4 Ne4 17. dxc5 Ndxc3 18. bxc3 Nxc5 19. Qb4 e5 20. e4 Qe6 21. Rd5 f6 22. h3 Qc6 23. Kg1 Kh8 24. Kf1 a5 25. Qc4 b5 26. Qe2 Nb3 27. Rb1 Qxc3 28. Rxb5 Nd4 29. Nxd4 exd4 30. R5b3 Qc5 31. Qb5 Qc2 32. Qd3 a4 33. Qxc2 Rxc2 34. Rd3 Rc4 35. Rbd1 Rd8 36. f4 Kg8 37. Ke2 Kf7 38. Kd2 Rdc8 39. Ke2 Rd8 40. Rb1 Re8 41. Kf3 Rec8 42. Rb7+ Kg6 43. Rd7 Rb8 44. f5+ Kh6 45. R7xd4 Rxd4 46. Rxd4 Rb3+ 47. Kg4 Rxa3 48. Rd6 Ra1 49. e5 a3 50. exf6 gxf6 51. Rxf6+ Kg7 52. Ra6 a2 53. Kg5 h6+ 54. Kg4 Kf7 55. Kh5 Kg7 56. f6+ Kf7 57. Kxh6 Re1 58. Rxa2 Kxf6 59. Rf2+ Ke7 60. h4 1-0

[Event "26th Womens ECCC 2022"]
[Site "Mayrhofen"]
[Date "2022.10.07"]
[Round "5.32"]
[White "Wu, Min"]
[Black "Peglau, Sarah"]
[Result "1-0"]
[ECO "C07"]
[WhiteElo "1934"]
[BlackElo "1794"]
[Annotator "TA"]
[PlyCount "79"]
[EventDate "2022.10.03"]
[EventType "team-tourn"]
[EventCountry "AUT"]
[SourceTitle "playchess.com"]
[Source "ChessBase"]
[SourceQuality "1"]
[TimeControl "40/5400+30:1800+30"]

1. e4 e6 2. d4 d5 3. Nd2 c5 4. Ngf3 cxd4 5. Nxd4 Nc6 6. Nxc6 bxc6 7. Bd3 Bd6 {[%emt 0:04:32] C07: French Tarrasch: 3...c5, 4 Ngf3 and 4 exd5 Qxd5.} 8. O-O {[%emt 0:05:56] The main line 8.0-0 scores better than 8.Qe2.} Qc7 9. h3 Nf6 {[%emt 0:03:01] The position is equal.} 10. c4 d4 {[%emt 0:07:18] [#]} 11. e5 $146 ({Predecessor:} 11. Nb3 e5 12. c5 Be7 13. f4 Be6 14. fxe5 Nd7 15. Bf4 O-O 16. Rc1 Rad8 17. Qh5 {½-½ (59) Caruana,F (2598)-Hou,Y (2527) Moscow 2008}) 11... Bxe5 12. Nf3 c5 $2 (12... Bb7 $11 {and Black is okay.}) 13. Nxe5 $18 Qxe5 {[%emt 0:00:02] [#]} 14. Qf3 {[%emt 0:00:17] Inhibits Bb7.} Qb8 15. Qc6+ Bd7 16. Qxc5 Qb6 17. Qe5 O-O 18. Bg5 {[%emt 0:04:30] And now Rfe1 would win.} Qd8 19. Qxd4 {[%emt 0:02:02] Strongly threatening Rad1.} Bc6 20. Qc3 h6 21. Bh4 g5 22. Bg3 Ne4 $2 (22... Qe7 23. Bc2 Rfd8) 23. Bxe4 Bxe4 24. Rad1 Qb6 (24... Qe7 $142 25. Rfe1 Bc6) 25. c5 (25. Qf6 $142 {Be5 would kill now.} e5 26. Rd6 Qxd6 27. Qxd6) 25... Qb7 26. Qf6 {[%emt 0:01:01] [#] Intending Be5 and mate.} Kh7 27. f3 {[%emt 0:03:14] aiming for Be5.} (27. Be5 Rg8 28. f3 Rg6 29. fxe4 Rxf6 30. Rxf6 Rf8 $11) 27... Bg6 $2 (27... Bc6 {was worth a try.} 28. Rd6 (28. Be5 Rg8 $18) 28... Rac8) 28. f4 ({Don't take} 28. Be5 Rg8 29. Rd6 Rae8) (28. Rd6 $142) 28... Qe4 (28... Qb5 $142 29. Rc1 (29. fxg5 Qxc5+ 30. Kh2 Qxg5 $14) 29... Rac8) 29. fxg5 Qe3+ 30. Kh2 Qxg5 31. Bh4 $2 (31. Qc3 $18 {is more deadly.}) 31... Qxc5 $16 32. Rfe1 Rg8 ({Black should play} 32... Qf5 $14) 33. Re5 (33. Rd7 $16) 33... Qc2 34. Rg1 {[%emt 0:00:34] White is more active.} (34. Rd7 $1 $14) 34... Rab8 (34... Raf8 $11) 35. b3 (35. Bg3 $1 $14) 35... Qxa2 $11 36. Bf2 Qxb3 37. Be3 {[%emt 0:00:24] Hoping for Ra1.} Rb5 $2 (37... Qa3 $11 {and Black stays safe.}) 38. Qh4 $18 ({Not} 38. Qf4 Rh8 $18) 38... Bh5 $2 (38... Rg7 39. Rc1 h5) 39. Qxh5 Rg6 40. Rxb5 {[%emt 0:00:38] Weighted Error Value: White=0.42/Black=0.69} 1-0